 Dungeon Crawl Stone Soup version 0.21-a0-361-g4efd3f9 (webtiles) character file.

350 Hasart the Chiller (level 6, -8/36 HPs)
             Began as an Octopode Ice Elementalist on Oct 14, 2017.
             Was an Initiate of Sif Muna.
             Killed from afar by an orc wizard (10 damage)
             ... with a magic dart
             ... on level 4 of the Dungeon.
             The game lasted 00:08:34 (4728 turns).

Hasart the Chiller (Octopode Ice Elementalist)      Turns: 4728, Time: 00:08:34

Health: -8/36      AC:  1    Str:  8    XL:     6   Next: 60%
Magic:  11/11      EV: 13    Int: 19    God:    Sif Muna [......]
Gold:   187        SH:  0    Dex: 12    Spells: 4/12 levels left

rFire    x . .     SeeInvis .   (no weapon)
rCold    + . .     Gourm    .   (no shield)
rNeg     . . .     Faith    .   (helmet restricted)
rPois    .         Spirit   .   (no amulet)
rElec    .         Reflect  .   g - ring of wizardry
rCorr    .         Harm     .   r - ring of ice
MR       .....                  (no ring)
Stlth    +++.......             (no ring)
HPRegen  0.12/turn              (no ring)
MPRegen  0.12/turn              (no ring)
                                (no ring)
                                (no ring)

@: no status effects
A: almost no armour, stealthy swim, amphibious, 8 rings, constrict 8, camouflage
1, gelatinous body 1
a: Renounce Religion


You were on level 4 of the Dungeon.
You worshipped Sif Muna.
Sif Muna was noncommittal.
You were near starving.

You visited 1 branch of the dungeon, and saw 4 of its levels.

You collected 187 gold pieces.

Inventory:

Jewellery
 g - a ring of wizardry (left tentacle)
 r - a ring of ice (right tentacle)
Scrolls
 c - a scroll of blinking {unknown}
 d - 2 scrolls of identify {unknown}
 k - 3 scrolls of remove curse {unknown}
 m - a scroll of magic mapping {unknown}
 n - 2 scrolls of enchant armour {unknown}
 p - a scroll of teleportation {unknown}
 s - a scroll of immolation {unknown}
Potions
 e - 2 potions of heal wounds {unknown}
 f - 2 potions of invisibility
 h - a potion of resistance {unknown}
 i - 3 potions of curing {unknown}
 j - a potion of might {unknown}
 q - a potion of flight {unknown}
Books
 a - a book of Frost

   Spells                             Type                      Level
   a - Freeze                         Ice                          1
   b - Throw Frost                    Conjuration/Ice              2
   c - Ozocubu's Armour               Charms/Ice                   3
   d - Throw Icicle                   Conjuration/Ice              4
   e - Summon Ice Beast               Ice/Summoning                4
Comestibles
 b - 2 bread rations
 l - a fruit
 o - a meat ration


   Skills:
 - Level 2.0 Dodging
 - Level 2.6 Stealth
 + Level 3.7 Spellcasting
 * Level 3.2 Conjurations
 + Level 5.3 Ice Magic


You had 4 spell levels left.
You knew the following spells:

 Your Spells              Type           Power        Failure   Level  Hunger
a - Freeze                Ice            ####         1%          1    None
b - Throw Icicle          Conj/Ice       ####....     10%         4    ####...
c - Ozocubu's Armour      Chrm/Ice       ###.....     6%          3    ###....


Dungeon Overview and Level Annotations

Branches:
Dungeon (4/15)
 Temple: D:4-7

Altars:
Dithmenos
Hepliaklqana
Kikubaaqudgha
Sif Muna
Trog
Xom
Yredelemnul

Shops:
D:4 =


Innate Abilities, Weirdness & Mutations

You cannot wear most types of armour.
You are very stealthy in the water. (Stealth+)
You are amphibious.
You can wear up to eight rings at the same time.
You can use your tentacles to constrict eight enemies at once.
Your skin changes colour to match your surroundings (Stealth+).
Your rubbery body absorbs attacks. (AC +1, EV +1)


Message History

Things that are here:
a dagger; a robe An orc wizard comes into view.
It is wielding a dagger.
The orc wizard shouts!
The orc wizard points at you and mumbles some strange words.
The magic dart hits you!
* * * LOW HITPOINT WARNING * * *
An orc priest comes into view. It is wielding a hand axe.
You see here a frilled lizard corpse.
You butcher the frilled lizard corpse.
The orc wizard casts a spell at you. The magic dart hits you!
* * * LOW HITPOINT WARNING * * *
The orc priest shouts!
Things that are here:
a chunk of flesh; a frilled lizard skeleton You hear a shout!
The orc wizard points at you and mumbles some strange words.
The magic dart hits you!
You die...

#........ ....... .oo... .....
#... #.. #)# #%# #@#
#.##....... #)# #<#........
... #.# .......... ... ##.#
......... .. #..# #........ #
#.## #.## #........ #.#..# #.#
# #........ ...#####.#
##.###........
######8##....###..........>...


You could see an orc priest and an orc wizard.

Vanquished Creatures
  A scorpion (D:4)
  2 orc wizards (D:4)
  A bullfrog skeleton (D:4)
  An iguana (D:4)
  Natasha (D:2)
  Robin (D:3)
  4 adders
  An ooze (D:2)
  A worm (D:4)
  A dart slug (D:1)
  3 leopard geckos
  6 orcs
  2 ball pythons (D:1)
  A giant cockroach (D:1)
  17 goblins
  13 hobgoblins
  16 jackals
  11 bats
  4 frilled lizards
  3 kobolds
  10 rats
100 creatures vanquished.

Notes
Turn   | Place    | Note
-------+----------+-------------------------------------------
     0 | D:1      | Hasart the Octopode Ice Elementalist began the quest for the Orb.
     0 | D:1      | Reached XP level 1. HP: 11/11 MP: 3/3
   239 | D:1      | Reached XP level 2. HP: 15/17 MP: 0/5
   634 | D:1      | Reached XP level 3. HP: 6/21 MP: 1/6
  1278 | D:1      | Reached skill level 4 in Ice Magic
  1893 | D:2      | Noticed Natasha
  1920 | D:2      | Reached XP level 4. HP: 25/27 MP: 0/8
  1949 | D:2      | Learned a level 4 spell: Throw Icicle
  1953 | D:2      | Learned a level 3 spell: Ozocubu's Armour
  2009 | D:2      | Found a shadowy altar of Dithmenos.
  2188 | D:3      | Noticed Robin
  2200 | D:2      | Killed Natasha
  3020 | D:2      | Reached XP level 5. HP: 26/31 MP: 4/9
  3242 | D:3      | Killed Robin
  3393 | D:3      | Found a basalt altar of Yredelemnul.
  3632 | D:3      | Found a bloodstained altar of Trog.
  3916 | D:3      | Reached skill level 5 in Ice Magic
  4153 | D:4      | Reached XP level 6. HP: 30/36 MP: 2/11
  4247 | D:4      | Found a deep blue altar of Sif Muna.
  4248 | D:4      | Found a shimmering altar of Xom.
  4248 | D:4      | Found an ancient bone altar of Kikubaaqudgha.
  4251 | D:4      | Found a hazy altar of Hepliaklqana.
  4288 | D:4      | Became a worshipper of Sif Muna the Loreminder
  4563 | D:4      | Found Vofym's Jewellery Emporium.
  4728 | D:4      | Killed from afar by an orc wizard

Vault maps used:
D:1:      lemuel_arrival_broad_hall
D:2:      grunt_dithmenos_smoke, first_bread, kennysheep_generic_room_5,
          uniq_natasha
D:3:      old_standard_altar, nicolae_overflow_crystal_walls, uniq_robin
D:4:      grunt_temple_overflow_open, serial_shops, nicolae_shop_statue_plus,
          uniq_crazy_yiuf_cottage

Skill      XL: |  1  2  3  4  5  6 |
---------------+-------------------+-----
Ice Magic      | 4 5 |  5.3
Spellcasting   | 3 |  3.7
Conjurations   | 2 3 |  3.2
Dodging        | |  2.0
Stealth        | |  2.6

Action                   |  1- 3 |  4- 6 || total
-------------------------+-------+-------++-------
Melee: Unarmed           |    51 |    96 ||   147
       Constrict         |    17 |    30 ||    47
       Tentacles         |    11 |    12 ||    23
 Cast: Freeze            |    49 |    59 ||   108
       Throw Icicle      |       |     2 ||     2
       Ozocubu's Armour  |       |     1 ||     1
 Stab: Sleeping          |     5 |    10 ||    15
  Eat: Chunk             |     3 |     8 ||    11
Armor: Skin              |    12 |    11 ||    23
Dodge: Dodged            |    66 |    90 ||   156

Table legend:
 A = Spawn XP
 B = Non-spawn XP
 C = Spawn XP percentage of total XP
 D = Spawn monster count
 E = Non-spawn monster count
 F = Spawn count percentage of total count
 G = Total turns spent on level
                    A         B        C        D         E        F      G
               +---------+---------+-------+---------+---------+-------+---------
         Total |       0 |     500 |   0.0 |       0 |     100 |   0.0 |  4728
               +---------+---------+-------+---------+---------+-------+---------
           D:1 |       0 |      68 |   0.0 |       0 |      39 |   0.0 |  1771
           D:2 |       0 |      97 |   0.0 |       0 |      20 |   0.0 |  1341
           D:3 |       0 |      81 |   0.0 |       0 |      29 |   0.0 |   930
           D:4 |       0 |     254 |   0.0 |       0 |      12 |   0.0 |   686
               +---------+---------+-------+---------+---------+-------+---------
